 Dungeon Crawl Stone Soup version 0.30-a0-900-g23479c02f2 (webtiles) character file.

Game seed: 11267297186902218880

55 Firecrotchwizard the Vexing (level 3, -3/28 HPs)
             Began as a Gnoll Hexslinger on Mar 19, 2023.
             Slain by Terence
             ... wielding a +0 short sword
              (4 damage)
             ... on level 2 of the Dungeon.
             The game lasted 00:04:32 (1313 turns).

Firecrotchwizard the Vexing (Gnoll Hexslinger)      Turns: 1313, Time: 00:04:33

Health: -3/28      AC:  5    Str:  9    XL:     3   Next: 93%
Magic:  7/7        EV: 11    Int: 12    God:
Gold:   73         SH:  0    Dex: 14    Spells: 6/7 levels left

rFire   . . .      SeeInvis .    a - +1 sling
rCold   . . .      Faith    .    (no shield)
rNeg    . . .      Spirit   .    e - +0 ring mail
rPois   .          Reflect  .    (no helmet)
rElec   .          Rampage  .    (no cloak)
rCorr   .                        (no gloves)
Will    .....                    (no boots)
Stlth   +                        (no amulet)
HPRegen 0.24/turn                (no ring)
MPRegen 0.10/turn                (no ring)

@: no status effects
A: fangs 1, strong nose, distributed training
a: no special abilities


You were on level 2 of the Dungeon.
You visited 1 branch of the dungeon, and saw 2 of its levels.

You collected 73 gold pieces.

Inventory:

Hand Weapons
 a - a +1 sling (weapon)
Missiles
 s - 5 stones
Armour
 c - a +0 robe
 e - a +0 ring mail (worn)
   (You found it on level 1 of the Dungeon)
Scrolls
 b - a scroll of poison {!r}
 d - a scroll of enchant weapon {unknown}
 h - 2 scrolls of identify {unknown}
Potions
 f - a potion of mutation {unknown}
 g - a potion of degeneration {unknown}
 i - a potion of curing {unknown}
 j - a potion of might {unknown}


   Skills:
 + Level 2.7 Fighting
 + Level 1.0 Short Blades
 + Level 1.0 Long Blades
 + Level 1.0 Axes
 + Level 1.0 Maces & Flails
 + Level 1.0 Polearms
 + Level 1.0 Staves
 + Level 4.6 Ranged Weapons
 + Level 1.0 Throwing
 + Level 1.0 Armour
 + Level 4.6 Dodging
 + Level 1.0 Stealth
 + Level 1.0 Shields
 + Level 1.0 Unarmed Combat
 + Level 2.9 Spellcasting
 + Level 0.7 Conjurations
 + Level 5.4 Hexes
 + Level 0.7 Summonings
 + Level 0.7 Necromancy
 + Level 0.7 Translocations
 + Level 0.7 Transmutations
 + Level 0.7 Fire Magic
 + Level 0.7 Ice Magic
 + Level 0.7 Air Magic
 + Level 0.7 Earth Magic
 + Level 0.7 Poison Magic
 + Level 1.1 Invocations
 + Level 1.0 Evocations


You had 6 spell levels left.
You knew the following spells:

 Your Spells              Type           Power      Damage    Failure   Level
s - Slow                  Hex            56%        N/A       8%          1

Your spell library contained the following spells:

 Spells                   Type           Power      Damage    Failure   Level
 Inner Flame              Hex/Fire       9%         N/A       50%         3
 Portal Projectile        Hex/Tloc       18%        N/A       50%         3
 Cause Fear               Hex            7%         N/A       58%         4
 Ozocubu's Armour         Ice            3%         N/A       83%         3
 Metabolic Englaciation   Hex/Ice        4%         N/A       99%         5
 Simulacrum               Ice/Necr       1%         N/A       100%        6


Dungeon Overview and Level Annotations

Branches:
Dungeon (2/15)

Altars:

Shops:
D:2 [

Annotations:
D:2 Terence


Innate Abilities, Weirdness & Mutations

You have very sharp teeth.
Your uncanny sense of smell can sniff out nearby items.
Your experience applies equally to all skills.


Message History

There is a stone staircase leading down here.
A frilled lizard comes into view.
You shoot a sling bullet.
The sling bullet hits the frilled lizard!
You kill the frilled lizard!
You hear a shout!
Terence the Incautious comes into view.
He is wielding a +0 short sword.
You shoot a sling bullet.
The sling bullet hits Terence but does no damage.
You shoot a sling bullet.
The sling bullet hits Terence but does no damage.
You hear an angry hiss.
An adder comes into view.
You shoot a sling bullet. The sling bullet hits Terence.
Terence hits you but does no damage.
You shoot a sling bullet.
The sling bullet hits Terence but does no damage.
Terence says, "You're history."
Terence hits you with a +0 short sword.
You take 2 damage, and have 26/28 hp.
You shoot a sling bullet. The sling bullet barely misses Terence.
Terence hits you with a +0 short sword. Terence barely misses you.
You take 5 damage, and have 21/28 hp.
You are too injured to fight recklessly!
You are too injured to fight recklessly!
You are too injured to fight recklessly!
You are too injured to fight recklessly!
You are too injured to fight recklessly!
Fire: a) +1 sling
Aim: Terence, wielding a +0 short sword and wearing a +0 chain mail (lightly wounded, 68% to hit)
You shoot a sling bullet. The sling bullet barely misses Terence.
Terence hits you with a +0 short sword.
You take 6 damage, and have 15/28 hp.
MASSIVE DAMAGE!!
Fire: a) +1 sling
Aim: Terence, wielding a +0 short sword and wearing a +0 chain mail (lightly wounded, 68% to hit)
You shoot a sling bullet.
The sling bullet hits Terence but does no damage.
Terence hits you with a +0 short sword. x2
You take 4 damage, and have 11/28 hp.
Fire: a) +1 sling
Aim: Terence, wielding a +0 short sword and wearing a +0 chain mail (lightly wounded, 68% to hit)
You shoot a sling bullet. The sling bullet barely misses Terence.
Terence hits you but does no damage.
Fire: a) +1 sling
Aim: Terence, wielding a +0 short sword and wearing a +0 chain mail (lightly wounded, 68% to hit)
You shoot a sling bullet.
The sling bullet hits Terence but does no damage.
Terence closely misses you.
Fire: a) +1 sling
Aim: Terence, wielding a +0 short sword and wearing a +0 chain mail (lightly wounded, 68% to hit)
You shoot a sling bullet.
The sling bullet hits Terence but does no damage.
Terence hits you with a +0 short sword. Terence closely misses you.
You take 2 damage, and have 9/28 hp.
Fire: a) +1 sling
Aim: Terence, wielding a +0 short sword and wearing a +0 chain mail (lightly wounded, 68% to hit)
You shoot a sling bullet. The sling bullet hits Terence.
Terence hits you with a +0 short sword.
* * * LOW HITPOINT WARNING * * *
You take 1 damage, and have 8/28 hp.
Fire: a) +1 sling
Aim: Terence, wielding a +0 short sword and wearing a +0 chain mail (lightly wounded, 68% to hit)
You shoot a sling bullet. The sling bullet barely misses Terence.
Terence hits you but does no damage.
Fire: a) +1 sling
Aim: Terence, wielding a +0 short sword and wearing a +0 chain mail (lightly wounded, 68% to hit)
You shoot a sling bullet.
The sling bullet hits Terence but does no damage.
Terence misses you. Terence closely misses you.
Fire: a) +1 sling
Aim: Terence, wielding a +0 short sword and wearing a +0 chain mail (lightly wounded, 68% to hit)
You shoot a sling bullet.
The sling bullet completely misses Terence.
Terence hits you with a +0 short sword.
* * * LOW HITPOINT WARNING * * *
You take 3 damage, and have 6/28 hp.
Fire: a) +1 sling
Aim: Terence, wielding a +0 short sword and wearing a +0 chain mail (lightly wounded, 68% to hit)
You shoot a sling bullet.
The sling bullet hits Terence but does no damage.
Terence closely misses you.
Fire: a) +1 sling
Aim: Terence, wielding a +0 short sword and wearing a +0 chain mail (lightly wounded, 68% to hit)
You shoot a sling bullet.
The sling bullet hits Terence but does no damage.
Terence hits you but does no damage.
Fire: a) +1 sling
Aim: Terence, wielding a +0 short sword and wearing a +0 chain mail (lightly wounded, 68% to hit)
You shoot a sling bullet.
The sling bullet hits Terence but does no damage.
Terence completely misses you. Terence hits you with a +0 short sword.
* * * LOW HITPOINT WARNING * * *
You take 6 damage, and have 1/28 hp.
MASSIVE DAMAGE!!
Fire: a) +1 sling
Aim: Terence, wielding a +0 short sword and wearing a +0 chain mail (lightly wounded, 68% to hit)
You shoot a sling bullet. The sling bullet hits Terence.
Terence hits you with a +0 short sword.
You die...

.# #.......#.#
#.#.......... .#
#.#######.#
####'##.###..... .# #.#
#.#####............... .#
#.# #...........#.###.....
.# #.# ##########......#.#
##.
####.###...............#.#
..........##############+#
..####.#..##.....# ∆ ..#
#.#.......>@# ∆
..####.##.##.####@?....†
..........##.# S###...
..####.#####.# .# ..# #.#
#.# .. ..####.# #.######
.#.....#####.......
.#..............#
................# #####


You could see Terence and an adder.

Vanquished Creatures
  2 dart slugs (D:1)
  7 ball pythons
  6 bats
  8 endoplasms
  A giant cockroach (D:1)
  3 goblins (D:1)
  4 hobgoblins
  3 jackals (D:1)
  3 quokkas
  3 frilled lizards
  3 kobolds
  A rat (D:1)
44 creatures vanquished.

Vanquished Creatures (others)
  4 plants (D:2)
4 creatures vanquished.

Grand Total: 48 creatures vanquished

Notes
Turn   | Place    | Note
-------+----------+-------------------------------------------
     0 | D:1      | Firecrotchwizard the Gnoll Hexslinger began the quest for
                  | the Orb.
     0 | D:1      | Reached XP level 1. HP: 17/17 MP: 4/4
   143 | D:1      | Reached XP level 2. HP: 21/23 MP: 5/5
   541 | D:1      | Reached XP level 3. HP: 28/28 MP: 7/7
   700 | D:1      | Reached skill level 1 in Invocations
  1026 | D:2      | Reached skill level 1 in Short Blades
  1026 | D:2      | Reached skill level 1 in Long Blades
  1026 | D:2      | Reached skill level 1 in Axes
  1026 | D:2      | Reached skill level 1 in Maces & Flails
  1026 | D:2      | Reached skill level 1 in Polearms
  1026 | D:2      | Reached skill level 1 in Staves
  1026 | D:2      | Reached skill level 1 in Throwing
  1026 | D:2      | Reached skill level 1 in Armour
  1026 | D:2      | Reached skill level 1 in Stealth
  1026 | D:2      | Reached skill level 1 in Shields
  1026 | D:2      | Reached skill level 1 in Unarmed Combat
  1026 | D:2      | Reached skill level 1 in Evocations
  1076 | D:2      | Found Giviut's Antique Armour Emporium.
  1295 | D:2      | Noticed Terence
  1309 | D:2      | HP: 6/28 [Terence/+0 short sword (3)]
  1312 | D:2      | HP: 1/28 [Terence/+0 short sword (6)]
  1313 | D:2      | Slain by Terence

Illustrated notes

Levels and vault maps discovered:
D:1:      amcnicky_arrival_double_pillar, layout_loops_corners
D:2:      layout_basic, serial_shops, nicolae_shop_behind_doors, serial_forest,
          infiniplex_forest_lined_room_3, infiniplex_forest_clump_diagonal,
          infiniplex_forest_straight_2, infiniplex_forest_lined_2,
          infiniplex_forest_clump_curved, wander_ebering_terrifying_dragon_lair,
          uniq_terence

Skill      XL: |  1  2  3 |
---------------+----------+-----
Invocations    | 1 |  1.1
Short Blades   | 1 |  1.0
Long Blades    | 1 |  1.0
Axes           | 1 |  1.0
Maces & Flails | 1 |  1.0
Polearms       | 1 |  1.0
Staves         | 1 |  1.0
Throwing       | 1 |  1.0
Armour         | 1 |  1.0
Stealth        | 1 |  1.0
Shields        | 1 |  1.0
Unarmed Combat | 1 |  1.0
Evocations     | 1 |  1.0
Fighting       | |  2.7
Ranged Weapons | |  4.6
Dodging        | |  4.6
Spellcasting   | |  2.9
Conjurations   | |  0.7
Hexes          | |  5.4
Summonings     | |  0.7
Necromancy     | |  0.7
Translocations | |  0.7
Transmutations | |  0.7
Fire Magic     | |  0.7
Ice Magic      | |  0.7
Air Magic      | |  0.7
Earth Magic    | |  0.7
Poison Magic   | |  0.7

Action                     || total
---------------------------++-------
   Fire: Sling             ||   153
 Armour: Robe              ||     7
         Ring mail         ||    25
  Dodge: Dodged            ||    62

Table legend: (Time is in decaauts)
 A = Elapsed time spent in this place.
 B = Non-inter-level travel time spent in this place.
 C = Inter-level travel time spent in this place.
 D = Time resting spent in this place.
 E = Time spent auto-exploring this place.
 F = Levels seen in this place.
 G = Mean time per level.
                   A        B        C        D        E       F      G
               +--------+--------+--------+--------+--------+-----+--------+
         Total |   1356 |   1299 |     57 |      0 |   1030 |   2 |  678.0 |
       Dungeon |   1356 |   1299 |     57 |      0 |   1030 |   2 |  678.0 |
               +--------+--------+--------+--------+--------+-----+--------+

Top non-repeatable levels by time:
     D:1: 1013 daAuts
     D:2: 342 daAuts

Table legend:
 A = Kills in this place as a percentage of kills in the entire game.
 B = Kills by you in this place as a percentage of kills by you in the entire game.
 C = Kills by friends in this place as a percentage of kills by friends in the entire game.
 D = Other kills in this place as a percentage of other kills in the entire game.
 E = Experience gained in this place as a percentage of experience gained in the entire game.
 F = Experience gained in this place divided by the number of levels of this place that you have seen.
                   A       B       C       D       E      F
               +-------+-------+-------+-------+-------+----------------------
         Total | 100.0 | 100.0 |   N/A |   N/A | 100.0 |  39.5
       Dungeon | 100.0 | 100.0 |   N/A |   N/A | 100.0 |  39.5
               +-------+-------+-------+-------+-------+----------------------
